 Dungeon Crawl Stone Soup version 0.28.0-53-g5a82cb258f (webtiles) character file.

Game seed: 1147157132842457667

17 raph the Digger (level 2, -5/15 HPs)
             Began as a Gargoyle Earth Elementalist on July 14, 2022.
             Slain by a gnoll
             ... wielding a +0 halberd
              (15 damage)
             ... on level 2 of the Dungeon.
             The game lasted 00:01:18 (1366 turns).

raph the Digger (Gargoyle Earth Elementalist)       Turns: 1366, Time: 00:01:19

Health: -5/15      AC:  5    Str: 11    XL:     2   Next: 62%
Magic:  5/5        EV: 11    Int: 15    God:
Gold:   29         SH:  0    Dex: 10    Spells: 2/5 levels left

rFire   . . .      SeeInvis .   a - +0 short sword
rCold   . . .      Faith    .   (no shield)
rNeg    + . .      Spirit   .   b - +0 robe
rPois   ∞          Reflect  .   (no helmet)
rElec   +          Harm     .   (no cloak)
rCorr   .          Rampage  .   e - +0 pair of gloves
Will    .....                   (no boots)
Stlth   ++........              (no amulet)
HPRegen 0.05/turn               (no ring)
MPRegen 0.09/turn               (no ring)

@: no status effects
A: sickness immunity, AC +2, negative energy resistance 1, electricity
resistance, torment resistance 1, petrification resistance
a: no special abilities


You were on level 2 of the Dungeon.
You visited 1 branch of the dungeon, and saw 2 of its levels.

You collected 29 gold pieces.

Inventory:

Hand Weapons
 a - a +0 short sword (weapon)
Missiles
 c - 45 stones
Armour
 b - a +0 robe (worn)
 e - a +0 pair of gloves (worn)
Jewellery
 d - a ring of fire
Scrolls
 f - a scroll of holy word {unknown}


   Skills:
 - Level 1.5 Dodging
 - Level 2.1 Stealth
 - Level 2.0 Spellcasting
 - Level 0.7 Transmutations
 + Level 4.7 Earth Magic


You had 2 spell levels left.
You knew the following spells:

 Your Spells              Type           Power      Damage    Failure   Level
a - Sandblast             Erth           30%        2d9       3%          1
b - Passwall              Tmut/Erth      7%         N/A       11%         2

Your spell library contained the following spells:

 Spells                   Type           Power      Damage    Failure   Level
 Stone Arrow              Conj/Erth      16%        3d8       26%         3
 Petrify                  Tmut/Erth      9%         N/A       58%         4


Dungeon Overview and Level Annotations

Branches:
Dungeon (2/15)

Altars:


Innate Abilities, Weirdness & Mutations

You are immune to sickness and miasma.
Your stone body is resilient. (AC +2)
You are immune to poison.
You resist negative energy. (rN+)
You are resistant to electric shocks. (rElec)
You are resistant to unholy torment.
You are immune to petrification.


Message History

HP restored.
You see here a human skeleton.
You see here a human skeleton.
You see here a human skeleton.
You see here a human skeleton.
You see here a human skeleton.
A rat comes into view.
The rat bites you but does no damage.
You hit the rat.
You kill the rat!
No target in view!
No target in view!
No target in view!
No target in view!
You see here a rat corpse.
A giant cockroach comes into view.
You hit the giant cockroach.
You kill the giant cockroach!
No target in view!
No target in view!
No target in view!
No target in view!
Done exploring.
Done exploring.
There is a stone staircase leading down here.
Memorise Passwall, consuming 2 spell levels and leaving 2?
You start memorising the spell.
You continue memorising. x2
You finish memorising.
Spell assigned to 'b'.
You climb downwards.
The gnoll shouts! x2; The frilled lizard hisses angrily.
Found 21 stones.
There is a stone staircase leading up here.
There are monsters nearby!
The gnoll shouts!
You hit the gnoll.
The gnoll is moderately wounded.
The gnoll hits you with a +0 halberd. The bat hits you but does no damage.
The gnoll hits you with a +0 halberd!
Ouch! That really hurt!
You die...

#.#.......#
..(......# #
#........#
.##........#
..........#
#..l.b...#
#####.....g..#
.......@g.g..#
#####...g....#
#.######## #.
#


You could see 4 gnolls, a bat and a frilled lizard.

Vanquished Creatures
  A dart slug (D:1)
  An endoplasm (D:1)
  A giant cockroach (D:1)
  A hobgoblin (D:1)
  3 kobolds (D:1)
  A quokka (D:1)
  3 ball pythons (D:1)
  3 rats (D:1)
14 creatures vanquished.

Notes
Turn   | Place    | Note
-------+----------+-------------------------------------------
     0 | D:1      | raph the Gargoyle Earth Elementalist began the quest for
                  | the Orb.
     0 | D:1      | Reached XP level 1. HP: 10/10 MP: 3/3
   460 | D:1      | Reached skill level 4 in Earth Magic
  1002 | D:1      | Reached XP level 2. HP: 15/15 MP: 5/5
  1056 | D:1      | Found a faded altar of an unknown god.
  1363 | D:1      | Learned a level 2 spell: Passwall
  1366 | D:2      | Slain by a gnoll

Illustrated notes

Levels and vault maps discovered:
D:1:      amcnicky_arrival_gap_in_the_tavern_cellar, layout_loops_ring,
          shapermc_ecumenical_altar_pompeii
D:2:      layout_rooms, uniq_sigmund

Skill      XL: |  1 |
---------------+----+-----
Earth Magic    | 4 |  4.7
Dodging        | |  1.5
Stealth        | |  2.1
Spellcasting   | |  2.0
Transmutations | |  0.7

Action                   || total
-------------------------++-------
Melee: Short sword       ||    27
       Unarmed           ||     6
       Punch             ||     1
 Cast: Sandblast         ||     6
Armor: Robe              ||     8
Dodge: Dodged            ||    18
